AoeStats
← 打一下就投

Arena

510300109Analyzed
4v4 RM · 1d ago on Sep 30, 2026· 56m 46s· 8 players
Game mode
Random Map
Map size
Large (8 player)
Population
200
Speed
Normal
Resources
Standard
Victory
Conquest
Starting age
Dark Age
Ending age
Imperial Age
RankedLock teamsTeams togetherTeam positionsShared explorationLock speedFull tech treeHidden civsTurbo modeCheats
Victory
Defeat
🇫🇷 Celts · France
978
+14
🇹🇼 Varangians · Taiwan
972
+15
🇧🇷 Cumans · Brazil
941
+16
🇪🇸 Mongols · Spain
912
+17
🇨🇳 Gurjaras · China
975
-17
🇨🇳 Persians · China
958
-37
🇨🇳 Dravidians · China
924
-15
🇨🇳 Britons · China
910
-14
打一下就投
6:01 Loom
10:23 Feudal Age
10:58 Double-Bit Axe
18:08 Castle Age
17:50 Wheelbarrow
17:36 Gold Mining
17:37 Stone Mining
17:33 Horse Collar
20:10 Bow Saw
29:35 Wheelbarrow
33:26 Imperial Age
31:35 Fletching
31:56 Forging
32:39 Hand Cart
32:32 Bodkin Arrow
32:46 Scale Barding Armor
32:57 Kamandaran
34:48 Two-Man Saw
33:53 Heavy Plow
35:12 Iron Casting
34:58 Chain Barding Armor
34:39 Padded Archer Armor
36:24 Citadels
36:35 Conscription
35:36 Elite War Elephant
36:58 Thumb Ring
36:14 Crossbowman
39:56 Blast Furnace
39:33 Plate Barding Armor
39:22 Ballistics
40:03 Chemistry
39:18 Husbandry
39:28 Bloodlines
45:12 Leather Archer Armor
44:58 Scale Mail Armor
47:42 Ring Archer Armor
52:05 Cavalier
53:24 Savar
高老头子
11:00 Feudal Age
13:20 Loom
16:13 Castle Age
14:25 Double-Bit Axe
17:06 Horse Collar
20:57 Heavy Plow
22:03 Bow Saw
22:00 Stone Mining
24:17 Wheelbarrow
24:47 Gold Mining
29:18 Imperial Age
27:18 Fletching
27:29 Padded Archer Armor
28:08 Bodkin Arrow
29:00 Gold Shaft Mining
28:46 Murder Holes
30:07 Leather Archer Armor
30:14 Ballistics
30:35 Conscription
31:35 Chemistry
30:52 Squires
31:01 Onager
34:42 Hand Cart
34:58 Bracer
35:51 Fortified Wall
35:47 Siege Engineers
35:28 Arrowslits
雷欧
9:54 Feudal Age
13:37 Castle Age
11:44 Horse Collar
12:05 Double-Bit Axe
20:40 Wheelbarrow
21:08 Gold Mining
22:32 Heavy Plow
23:26 Hand Cart
28:01 Imperial Age
26:53 Bow Saw
26:46 Fletching
26:57 Padded Archer Armor
26:51 Loom
26:51 Town Watch
27:08 Stone Mining
28:35 Ballistics
28:25 Masonry
28:17 Bodkin Arrow
28:38 Leather Archer Armor
29:07 Conscription
29:08 Wootz Steel
28:54 Medical Corps
29:00 Medical Corps
29:22 Squires
29:11 Arson
29:15 Gambesons
29:36 Bracer
30:27 Thumb Ring
29:46 Elite Skirmisher
31:37 Two-Man Saw
31:50 Ring Archer Armor
31:31 Forging
31:22 Scale Mail Armor
32:28 Chemistry
31:39 Masonry
31:20 Guard Tower
31:51 Elite Elephant Archer
32:49 Guilds
34:28 Iron Casting
35:35 Caravan
36:20 Keep
36:12 Bombard Tower
35:38 Arrowslits
36:04 Fortified Wall
35:49 Murder Holes
36:13 Chain Mail Armor
36:58 Blast Furnace
37:00 Murder Holes
40:30 Husbandry
41:02 Siege Elephant
43:42 Hoardings
42:29 Elite Urumi Swordsman
45:06 Plate Mail Armor
44:42 Scale Barding Armor
49:53 Onager
51:43 Siege Onager
爱坚果
2:10 Loom
10:27 Feudal Age
11:06 Double-Bit Axe
11:31 Horse Collar
18:12 Castle Age
16:20 Stone Mining
19:04 Heavy Plow
19:28 Bow Saw
20:46 Wheelbarrow
23:27 Hand Cart
29:32 Imperial Age
27:58 Town Watch
29:38 Kshatriyas
29:42 Scale Barding Armor
29:48 Forging
29:42 Husbandry
29:53 Bloodlines
30:02 Gold Mining
30:51 Conscription
29:56 Heavy Camel Rider
30:45 Light Cavalry
32:02 Crop Rotation
31:58 Chain Barding Armor
32:15 Iron Casting
33:39 Plate Barding Armor
32:55 Fletching
32:50 Elite Shrivamsha Rider
35:53 Ballistics
35:09 Hussar
35:32 Elite Chakram Thrower
37:36 Bodkin Arrow
37:11 Hussar
39:18 Scale Mail Armor
39:19 Bracer
41:05 Chain Mail Armor
42:40 Chemistry
43:40 Plate Mail Armor
Frardor /Transis
1:33 Loom
12:48 Feudal Age
14:16 Wheelbarrow
13:27 Double-Bit Axe
13:23 Horse Collar
13:50 Stone Mining
13:51 Gold Mining
20:31 Castle Age
21:34 Hand Cart
21:20 Heavy Plow
21:32 Bow Saw
22:14 Bow Saw
27:26 Forging
27:17 Scale Mail Armor
36:11 Imperial Age
34:38 Iron Casting
34:19 Chain Mail Armor
36:29 Elite Woad Raider
37:22 Furor Celtica
37:32 Conscription
38:15 Blast Furnace
37:46 Plate Mail Armor
37:03 Arson
36:42 Capped Ram
38:16 Siege Ram
40:53 Heavy Scorpion
42:08 Siege Engineers
43:04 Chemistry
42:24 Ballistics
42:00 Murder Holes
42:16 Fortified Wall
42:17 Masonry
42:35 Pikeman
43:35 Stronghold
44:24 Hoardings
49:05 Caravan
52:48 Fletching
55:25 Heated Shot
54:59 Onager
56:19 Siege Onager
OvertChunk95
12:29 Feudal Age
10:45 Loom
16:59 Castle Age
15:29 Double-Bit Axe
15:37 Horse Collar
20:00 Wheelbarrow
24:01 Heavy Plow
30:51 Imperial Age
28:29 Fletching
29:21 Bow Saw
30:29 Bodkin Arrow
30:35 Padded Archer Armor
30:42 Gold Mining
30:43 Stone Mining
31:11 Capped Ram
33:01 Leather Archer Armor
33:38 Ballistics
33:20 Bracer
34:45 Drill
34:47 Conscription
35:17 Gold Shaft Mining
35:18 Stone Shaft Mining
36:22 Elite Mangudai
37:52 Husbandry
38:03 Bloodlines
38:01 Thumb Ring
38:36 Parthian Tactics
40:29 Chemistry
41:20 Siege Ram
HaweN
10:53 Feudal Age
19:58 Castle Age
18:42 Double-Bit Axe
18:40 Horse Collar
23:20 Wheelbarrow
25:29 Heavy Plow
26:00 Forging
26:12 Gold Mining
27:48 Hand Cart
28:21 Bloodlines
28:15 Town Watch
28:19 Loom
29:15 Town Patrol
29:55 Iron Casting
29:26 Scale Barding Armor
29:46 Stone Mining
34:34 Imperial Age
32:32 Capped Ram
35:05 Siege Ram
36:05 Bow Saw
37:35 Gold Shaft Mining
37:25 Chain Barding Armor
36:56 Fletching
38:06 Blast Furnace
38:18 Onager
39:11 Pikeman
39:52 Squires
39:52 Halberdier
40:23 Elite Steppe Lancer
40:46 Light Cavalry
42:15 Padded Archer Armor
42:40 Bodkin Arrow
42:15 Elite Skirmisher
45:39 Two-Man Saw
45:19 Thumb Ring
47:57 Heavy Cavalry Archer
49:03 Parthian Tactics
49:48 Crop Rotation
50:21 Chemistry
49:17 Murder Holes
49:46 Ballistics
50:53 Hussar
52:21 Caravan
54:38 Leather Archer Armor
54:59 Plate Barding Armor
56:43 Steppe Husbandry
森永
8:36 Loom
10:56 Feudal Age
13:59 Double-Bit Axe
18:36 Castle Age
16:39 Horse Collar
16:55 Stone Mining
20:27 Bow Saw
20:20 Heavy Plow
28:04 Wheelbarrow
27:46 Gold Mining
29:00 Scale Mail Armor
30:13 Hand Cart
30:36 Gambesons
32:20 Stone Shaft Mining
32:27 Squires
32:13 Arson
32:45 Forging
36:41 Imperial Age
35:27 Chain Mail Armor
35:48 Iron Casting
35:41 Masonry
35:29 Murder Holes
37:03 Elite Varangian Guard
38:50 Blast Furnace
40:34 Capped Ram
42:23 Plate Mail Armor
42:09 Siege Ram
42:18 Pikeman
43:08 Siege Engineers
43:41 Halberdier
47:06 Town Watch
48:27 Two-Man Saw
48:00 Crop Rotation
47:41 Scale Barding Armor
49:56 Conscription
48:58 Gothikon
56:27 Chain Barding Armor
56:08 Padded Archer Armor
55:59 Fletching
56:24 Fortified Wall
56:45 Architecture
55:59 Treadmill Crane
Connection lost

Rejoining the realm…

Still unreachable

The connection could not be restored.

Session expired

The server has moved on; the page needs a fresh start.